 Dungeon Crawl Stone Soup version 0.23.1 (webtiles) character file.

Game seed: 2984655168599082060

291 Irenicus the Geomancer (level 6, -2/49 HPs)
             Began as a Deep Dwarf Earth Elementalist on Mar 12, 2019.
             Killed by divine providence
             ... invoked by an orc priest
              (8 damage)
             ... on level 3 of the Dungeon.
             The game lasted 00:08:24 (1333 turns).

Irenicus the Geomancer (DDEE)                       Turns: 1333, Time: 00:08:25

Health: -2/49      AC:  3    Str: 12    XL:     6   Next: 10%
Magic:  0/9        EV: 12    Int: 17    God:
Gold:   77         SH:  0    Dex: 13    Spells: 6/9 levels left

rFire    . . .     SeeInvis .   a - +0 short sword
rCold    . . .     Gourm    .   (no shield)
rNeg     . . .     Faith    +   c - +0 robe
rPois    .         Spirit   .   (no helmet)
rElec    .         Reflect  .   (no cloak)
rCorr    .         Harm     .   f - +0 pair of gloves
MR       .....                  (no boots)
Stlth    ++........             g - amulet of faith (curse) {Faith, !P}
HPRegen  0.00/turn              (no ring)
MPRegen  0.11/turn              (no ring)

@: non-regenerating, invisible
A: damage resistance, heal wounds, sense surroundings 1, no regeneration
a: Heal Wounds


You were on level 3 of the Dungeon.
You were not hungry.

You visited 1 branch of the dungeon, and saw 3 of its levels.

You collected 77 gold pieces.

Inventory:

Hand Weapons
 a - a +0 short sword (weapon)
   (You took it off a kobold on level 1 of the Dungeon)
Missiles
 b - 36 stones (quivered)
Armour
 c - a +0 robe (worn)
 f - a +0 pair of gloves (worn)
   (You found it on level 1 of the Dungeon)
 j - a +0 buckler
   (You found it on level 2 of the Dungeon)
Jewellery
 g - a cursed amulet of faith (around neck) {Faith, !P}
   (You found it on level 1 of the Dungeon)
Scrolls
 e - 3 scrolls of identify {unknown}
 h - 2 scrolls of teleportation {unknown}
 i - 2 scrolls of fear {unknown}
Potions
 k - a potion of heal wounds {unknown}
 l - a potion of invisibility
Comestibles
 d - 3 rations
 m - a chunk of flesh {@w0}


   Skills:
 - Level 2.1 Dodging
 - Level 2.4 Stealth
 + Level 2.2 Spellcasting
 - Level 0.8 Transmutations
 + Level 8.8 Earth Magic


You had 6 spell levels left.
You knew the following spells:

 Your Spells              Type           Power        Failure   Level  Hunger
a - Sandblast             Erth           ####..       1%          1    #......
w - Passwall              Tmut/Erth      ###.....     4%          2    ###....

Your spell library contained the following spells:

 Spells                   Type           Power        Failure   Level  Hunger
 Stone Arrow              Conj/Erth      ###...       10%         3    ###....
 Lee's Rapid Deconstruct  Erth           ####......   14%         5    ######.
 Petrify                  Tmut/Erth      ###.....     26%         4    #####..


Dungeon Overview and Level Annotations

Branches:
Dungeon (3/15)

Altars:


Innate Abilities, Weirdness & Mutations

You are resistant to damage.
You can heal yourself by infusing magical energy.
You passively map a small area around you.
You do not regenerate.


Message History

Aim: a gnoll, wielding a +0 halberd The blast of sand hits the gnoll.
b - 45 stones The gnoll closely misses you.
You now have 1/8 mp.
Aim: a gnoll, wielding a +0 halberd (moderately wounded)
The blast of sand hits the gnoll!
You kill the gnoll!
You have reached level 6!
Your experience leads to an increase in your attributes!
Increase (S)trength, (I)ntelligence, or (D)exterity?
You feel clever.
b - 44 stones You regained 3 hp, and now have 21/49 hp.
You now have 0/9 mp.
You don't have enough magic to cast that spell.
Unknown command.
Aim: a gnoll The blast of sand hits the gnoll!
You kill the gnoll!
b - 43 stones You now have 0/9 mp.
You hit the rat. The rat barely misses you.
You hit the rat but do no damage. The rat completely misses you.
You hit the rat.
You kill the rat!
Things that are here:
a +0 halberd; a gnoll corpse x2
You butcher the gnoll corpse.
m - 3 chunks of flesh {@w0}
Things that are here:
a +0 halberd; a gnoll skeleton; a gnoll corpse Eating one of 3 chunks of flesh {@w0}.
You eat one of the 3 chunks of flesh {@w0}.
You are feeling very hungry.
Things that are here:
a +0 halberd; a gnoll corpse
Things that are here:
a +0 halberd; a gnoll skeleton; a gnoll corpse Eat one of 2 chunks of flesh {@w0}? (ye/n/q)
You eat one of the 2 chunks of flesh {@w0}.
Aim: a worm The blast of sand hits the worm!
b - 42 stones You now have 2/9 mp.
Aim: a worm (heavily wounded)
The blast of sand hits the worm!
You kill the worm!
b - 41 stones You now have 1/9 mp.
You now have 77 gold pieces (gained 9).
Things that are here:
a +0 halberd; a gnoll corpse
Found an escape hatch in the floor.
You open the door.
There is an open door here. 3 orcs come into view.
An orc comes into view.
It is wielding a +0 short sword of venom.
The orc shouts! x2; You hear a shout! x2
An orc priest comes into view. It is wielding a +0 short sword.
Aim: an orc, wielding a +0 hand axe and wearing a +0 chain mail The blast of sand hits the orc!
You kill the orc!
b - 40 stones You now have 2/9 mp.
Aim: an orc The blast of sand hits the orc!
You kill the orc!
b - 39 stones
Aim: an orc, wielding a +0 flail The blast of sand hits the orc!
You kill the orc!
b - 38 stones You now have 1/9 mp.
Aim: an orc, wielding a +0 short sword of venom The blast of sand hits the orc!
You kill the orc!
b - 37 stones You now have 0/9 mp.
The orc priest hits you with a +0 short sword!
You take 6 damage, and have 15/49 hp.
You hit the orc priest.
The orc priest hits you but does no damage.
You hit the orc priest.
The orc priest hits you but does no damage.
Aim: an orc priest, wielding a +0 short sword (moderately wounded)
The blast of sand hits the orc priest.
b - 36 stones The orc priest closely misses you.
You now have 0/9 mp.
You hit the orc priest.
The orc priest invokes the aid of Beogh against you.
Beogh smites you!
* * * LOW HITPOINT WARNING * * *
You take 9 damage, and have 6/49 hp.
It was a potion of invisibility.
You fade into invisibility!
The orc priest calls down the wrath of Beogh upon you.
Beogh smites you!
You die...

#.#.# *, #.#w# o*
#.#.# #########
.#*#.#†# #.......#
.o #.#.# #.......#
#o #.#.####.......#
#. #....).........#
#)*#....).........#
#)##@.............#
#..o...........####
#..###'###.....#
#..#*#.# #.....# *
* ** #... #.#
#.....# , ,.....#.#
#.....# ......#.#
#.....# ,,
,.......#.# #>....#
......#.#.# #######


You could see an orc priest.

Vanquished Creatures
  Sigmund (D:2)
  A worker ant (D:2)
  4 gnolls (D:3)
  An ooze (D:2)
  A worm (D:3)
  3 dart slugs (D:2)
  2 leopard geckos
  4 orcs (D:3)
  3 giant cockroaches
  5 goblins
  4 hobgoblins
  7 jackals
  A ball python (D:2)
  A bat (D:2)
  2 frilled lizards
  4 kobolds
  9 rats
53 creatures vanquished.

Notes
Turn   | Place    | Note
-------+----------+-------------------------------------------
     0 | D:1      | Irenicus the Deep Dwarf Earth Elementalist began the quest
                  | for the Orb.
     0 | D:1      | Reached XP level 1. HP: 15/15 MP: 3/3
   148 | D:1      | Reached XP level 2. HP: 20/22 MP: 0/4
   223 | D:1      | Learned a level 2 spell: Passwall
   291 | D:1      | Reached skill level 5 in Earth Magic
   656 | D:2      | HP: 4/22 [worker ant (5)]
   684 | D:2      | Reached skill level 6 in Earth Magic
   684 | D:2      | Reached XP level 3. HP: 10/28 MP: 0/5
   705 | D:2      | Noticed Sigmund
   715 | D:2      | Killed Sigmund
   715 | D:2      | Reached skill level 8 in Earth Magic
   715 | D:2      | Reached XP level 4. HP: 19/36 MP: 0/6
   715 | D:2      | Reached XP level 5. HP: 22/42 MP: 0/7
  1259 | D:3      | Reached skill level 2 in Spellcasting
  1264 | D:3      | Reached XP level 6. HP: 21/49 MP: 0/9
  1332 | D:3      | HP: 6/49 [orc priest/divine providence (9)]
  1333 | D:3      | Killed from afar by an orc priest

Skill      XL: |  1  2  3  4  5 |
---------------+----------------+-----
Earth Magic    | 6 8 |  8.8
Spellcasting   | 2 |  2.2
Dodging        | |  2.1
Stealth        | |  2.4
Transmutations | |  0.8

Action                   |  1- 3 |  4- 6 || total
-------------------------+-------+-------++-------
Melee: Short sword       |    42 |    24 ||    66
 Cast: Sandblast         |    23 |    37 ||    60
       Passwall          |     6 |     1 ||     7
 Abil: Heal Wounds       |     2 |       ||     2
  Use: Scroll            |     1 |       ||     1
       Potion            |       |     1 ||     1
 Stab: Sleeping          |     4 |       ||     4
  Eat: Chunk             |       |     3 ||     3
Armor: Robe              |     4 |     4 ||     8
Dodge: Dodged            |    42 |    32 ||    74

Levels and vault maps discovered:
D:1:      minmay_arrival_hallway, layout_basic, minmay_pentomino_s2
D:2:      cheibrodos_helix_gallery, layout_loops_cross, first_ration,
          serial_rivers, chequers_serial_rivers_small_3,
          chequers_serial_rivers_room_a, chequers_serial_rivers_marsh,
          chequers_serial_rivers_micro_c, chequers_serial_rivers_micro_d,
          chequers_serial_rivers_large_a, uniq_sigmund
D:3:      layout_basic, uniq_robin, uniq_natasha

Table legend:
 A = Turns spent in this place as a percentage of turns spent in the entire game.
 B = Non-inter-level travel turns spent in this place as a percentage of non-inter-level travel turns spent in the entire game.
 C = Inter-level travel turns spent in this place as a percentage of turns spent in this place.
 D = Turns resting spent in this place as a percentage of non-inter-level travel turns spent in this place.
 E = Turns spent auto-exploring this place as a percentage of non-inter-level travel turns spent in this place.
 F = Non-inter-level travel turns spent in this place divided by the number of levels of this place that you've seen.
                   A       B       C       D       E      F
               +-------+-------+-------+-------+-------+----------------------
         Total | 100.0 | 100.0 |   0.0 |   0.0 |   0.0 | 444.3
       Dungeon | 100.0 | 100.0 |   0.0 |   0.0 |   0.0 | 444.3
               +-------+-------+-------+-------+-------+----------------------

Table legend:
 A = Kills in this place as a percentage of kills in entire the game.
 B = Kills by you in this place as a percentage of kills by you in the entire game.
 C = Kills by friends in this place as a percentage of kills by friends in the entire game.
 D = Other kills in this place as a percentage of other kills in the entire game.
 E = Experience gained in this place as a percentage of experience gained in the entire game.
 F = Experience gained in this place divided by the number of levels of this place that you have seen.
                   A       B       C       D       E      F
               +-------+-------+-------+-------+-------+----------------------
         Total | 100.0 | 100.0 |   N/A |   N/A | 100.0 | 138.7
       Dungeon | 100.0 | 100.0 |   N/A |   N/A | 100.0 | 138.7
               +-------+-------+-------+-------+-------+----------------------
